 Dungeon Crawl Stone Soup version 0.29-a0-1065-g47a6bb87d6 (webtiles) character file.

Game seed: 3532875571578800579

2142 SensoryNuts the Slicer (level 9, -5/66 HPs)
             Began as a Vampire Gladiator on Aug 19, 2022.
             Slain by a skeletal warrior
             ... wielding a +0 short sword
              (23 damage)
             ... on level 7 of the Dungeon.
             The game lasted 00:09:13 (4880 turns).

SensoryNuts the Slicer (Vampire Gladiator)          Turns: 4880, Time: 00:09:14

Health: -5/66      AC:  8    Str: 17    XL:     9   Next: 9%
Magic:  9/9        EV: 14    Int: 10    God:
Gold:   431        SH:  6    Dex: 16    Spells: 8/8 levels left

rFire   . . .      SeeInvis +   r - +8 dagger (speed)
rCold   . . .      Faith    .   s - +2 buckler
rNeg    . . .      Spirit   .   b - +0 leather armour
rPois   .          Reflect  .   c - +0 helmet
rElec   .          Harm     .   j - +2 cloak
rCorr   .          Rampage  .   p - +0 pair of gloves
Will    .....                   (no boots)
Stlth   +++.......              g - amulet of regeneration
HPRegen 1.21/turn               (no ring)
MPRegen 0.11/turn               (no ring)

@: healing quickly
A: alive, fangs 3, see invisible, vampiric 2, screaming 1
a: Exsanguinate


You were on level 7 of the Dungeon.
You visited 2 branches of the dungeon, and saw 8 of its levels.

You collected 431 gold pieces.

Inventory:

Hand Weapons
 a - a +1 rapier
 r - a +8 dagger of speed (weapon)
Missiles
 d - 3 throwing nets (quivered)
 e - a javelin
Armour
 b - a +0 leather armour (worn)
 c - a +0 helmet (worn)
 j - a +2 cloak (worn)
 p - a +0 pair of gloves (worn)
 q - a +0 buckler
 s - a +2 buckler (worn)
Jewellery
 g - an amulet of regeneration (around neck)
 h - an amulet of the acrobat
 m - a ring of willpower
Wands
 l - a wand of charming (12)
Scrolls
 f - 3 scrolls of immolation
 i - a scroll of fear
 k - 5 scrolls of teleportation
 n - a scroll of silence
 t - a scroll of identify
 v - 2 scrolls of blinking


   Skills:
 + Level 4.5 Fighting
 + Level 9.3 Short Blades
 + Level 1.6 Throwing
 + Level 3.4 Armour
 + Level 5.8 Dodging
 + Level 5.3 Stealth
 + Level 2.2 Shields


You had 8 spell levels left.
You didn't know any spells.
Your spell library contained the following spells:

 Spells                   Type           Power      Damage    Failure   Level
 Blink                    Tloc           0%         N/A       67%         2
 Ignite Poison            Fire/Tmut/Pois 0%         N/A       88%         3
 Lesser Beckoning         Tloc           0%         N/A       88%         3
 Mephitic Cloud           Conj/Pois/Air  0%         N/A       88%         3
 Hailstorm                Conj/Ice       0%         3d3       99%         4
 Ice Form                 Ice/Tmut       0%         N/A       99%         4
 Freezing Cloud           Conj/Ice/Air   0%         6-21      100%        5
 Manifold Assault         Tloc           0%         N/A       100%        5
 Simulacrum               Ice/Necr       0%         N/A       100%        6


Dungeon Overview and Level Annotations

Branches:
Dungeon (7/15)             Temple (1/1) D:6

Altars:
Cheibriados
Hepliaklqana
Kikubaaqudgha
Makhleb
Nemelex Xobeh
Qazlal
Sif Muna
Trog
Uskayaw
Vehumet
Xom

Shops:
D:1 [*   D:3 =


Innate Abilities, Weirdness & Mutations

Your natural rate of healing is accelerated.
You have razor-sharp teeth.
You have supernaturally acute eyesight. (SInv)
You are afflicted with vampirism and can become a bat while bloodless.
You occasionally shout uncontrollably at your foes.


Message History

The skeletal warrior is heavily damaged.
You closely miss the skeletal warrior. Your bite misses the skeletal warrior.
The skeletal warrior is heavily damaged.
The skeletal warrior hits you with a +0 short sword.
You barely miss the skeletal warrior.
The skeletal warrior is heavily damaged.
You hit the skeletal warrior but do no damage.
You bite the skeletal warrior, but do no damage.
The skeletal warrior is heavily damaged.
You hit the skeletal warrior but do no damage.
The skeletal warrior is heavily damaged.
The skeletal warrior hits you with a +0 short sword!
* * * LOW HITPOINT WARNING * * *
You hit the skeletal warrior but do no damage.
The skeletal warrior is heavily damaged.
You hit the skeletal warrior but do no damage.
Your bite misses the skeletal warrior.
The skeletal warrior is heavily damaged.
You block the skeletal warrior's attack.
You hit the skeletal warrior but do no damage.
The skeletal warrior is heavily damaged.
You barely miss the skeletal warrior.
You bite the skeletal warrior, but do no damage.
The skeletal warrior is heavily damaged.
The skeletal warrior hits you but does no damage.
You barely miss the skeletal warrior.
The skeletal warrior is heavily damaged.
You barely miss the skeletal warrior.
The skeletal warrior is heavily damaged.
You hit the skeletal warrior but do no damage.
The skeletal warrior is heavily damaged.
The skeletal warrior hits you with a +0 short sword.
* * * LOW HITPOINT WARNING * * *
A wraith comes into view.
You hit the skeletal warrior.
The skeletal warrior is heavily damaged.
You hit the skeletal warrior but do no damage.
The skeletal warrior is heavily damaged.
The skeletal warrior hits you with a +0 short sword!!
You die...

#...........#
#...........#
#.........).#
##########)##
#W#
#.#########.
#...........
##..########
#..@# #..z#
#...# #...#
#†††# ##<##
###


You could see a skeletal warrior and a wraith.

Vanquished Creatures
  Prince Ribbit (D:7)
  2 water moccasins
  Duvessa (D:5)
  An ice beast (D:6)
  A sky beast (D:6)
  2 ogres
  A kobold brigand (D:7)
  2 phantoms
  A bullfrog (D:6)
  A scorpion (D:5)
  2 necrophages (D:6)
  Dowan (D:5)
  6 killer bees (D:7)
  An electric eel (D:6)
  Crazy Yiuf (D:6)
  4 hounds
  2 jellies
  An iguana (D:7)
  6 gnolls
  7 adders
  A shadow imp (D:6)
  2 white imps (D:6)
  An ufetubus (D:6)
  2 worms
  A dart slug (D:5)
  8 orcs
  4 ball pythons
  4 bats
  7 endoplasms
  6 giant cockroaches
  8 goblins
  13 hobgoblins
  A jackal (D:3)
  8 quokkas
  2 frilled lizards
  12 kobolds
  3 rats
127 creatures vanquished.

Vanquished Creatures (others)
  5 plants (D:6)
5 creatures vanquished.

Grand Total: 132 creatures vanquished

Notes
Turn   | Place    | Note
-------+----------+-------------------------------------------
     0 | D:1      | SensoryNuts the Vampire Gladiator began the quest for the
                  | Orb.
     0 | D:1      | Reached XP level 1. HP: 16/16 MP: 1/1
   187 | D:1      | Reached XP level 2. HP: 16/22 MP: 2/2
   230 | D:1      | Found Caqogof's Antique Armour Emporium.
   567 | D:1      | Found Paclex's Assorted Antiques.
   678 | D:2      | Gained mutation: You occasionally shout uncontrollably at
                  | your foes. [potion of mutation]
   681 | D:2      | Reached skill level 1 in Stealth
   681 | D:2      | Gained mutation: You are afflicted with vampirism and can
                  | become a bat while bloodless. [Vampire growth]
   681 | D:2      | Reached XP level 3. HP: 8/27 MP: 3/3
   780 | D:2      | Found a hazy altar of Hepliaklqana.
   925 | D:2      | Reached skill level 4 in Short Blades
   940 | D:2      | Reached XP level 4. HP: 15/33 MP: 4/4
  1443 | D:3      | Reached skill level 1 in Armour
  1605 | D:3      | Found Hets's Jewellery Shoppe.
  1844 | D:3      | You fall into a shaft and drop 2 floors!
  1844 | D:5      | Entered Level 5 of the Dungeon
  1889 | D:5      | Noticed a water moccasin
  1906 | D:5      | Noticed Dowan
  1909 | D:5      | Noticed Duvessa
  1944 | D:4      | Reached XP level 5. HP: 29/39 MP: 5/5
  2131 | D:4      | Noticed a phantom
  2148 | D:4      | Killed a phantom
  2149 | D:4      | Reached skill level 5 in Short Blades
  2261 | D:3      | Found a stormy altar of Qazlal.
  2676 | D:4      | Reached XP level 6. HP: 37/46 MP: 6/6
  3123 | D:5      | Killed a water moccasin
  3139 | D:5      | Killed Duvessa
  3140 | D:5      | Reached skill level 6 in Short Blades
  3143 | D:5      | Reached XP level 7. HP: 49/52 MP: 7/7
  3147 | D:5      | Killed Dowan
  3417 | D:5      | Reached skill level 5 in Dodging
  3558 | D:5      | Found a snail-covered altar of Cheibriados.
  3709 | D:6      | Reached skill level 7 in Short Blades
  3732 | D:6      | Reached XP level 8. HP: 49/58 MP: 8/8
  3832 | D:6      | Reached skill level 8 in Short Blades
  3832 | D:6      | Reached skill level 1 in Shields
  4154 | D:6      | Found a staircase to the Ecumenical Temple.
  4164 | Temple   | Entered the Ecumenical Temple
  4425 | D:6      | Found a runed translucent door.
  4426 | D:6      | Noticed Crazy Yiuf
  4606 | D:6      | Killed Crazy Yiuf
  4669 | D:7      | Reached skill level 5 in Stealth
  4716 | D:7      | Noticed Prince Ribbit
  4727 | D:7      | Killed Prince Ribbit
  4728 | D:7      | Reached skill level 9 in Short Blades
  4728 | D:7      | Reached XP level 9. HP: 66/66 MP: 9/9
  4760 | D:7      | Noticed a skeletal warrior
  4880 | D:7      | Slain by a skeletal warrior

Illustrated notes

Levels and vault maps discovered:
D:1:      minmay_arrival_up_and_down, layout_rooms, serial_shops, shop,
          shop_statue
D:2:      layout_rooms, basic_altar, minmay_fractal_squares_gapless_5
D:3:      layout_loops_corners, nicolae_qazlal_general_emergency, serial_shops,
          nicolae_shop_crystal, kennysheep_generic_room_10
D:4:      layout_loops_ring
D:5:      layout_loops_ring, kennysheep_slug_shrine, uniq_duvessa
D:6:      layout_rooms, minmay_temple_entry_hall, serial_bayou,
          serial_bayou_pond_a, serial_bayou_ford_a, serial_bayou_shore_a,
          serial_bayou_pond_b, uniq_crazy_yiuf_cottage
D:7:      layout_basic, mainiacjoe_overflow_tiny_flanked, enter_bailey_3,
          minmay_guarded_unrand_finisher, uniq_prince_ribbit1, uniq_pikel
Temple:   cyrus_temple_forest

Skill      XL: |  1  2  3  4  5  6  7  8 |
---------------+-------------------------+-----
Fighting       | 2 3 4 |  4.5
Stealth        | 1 2 3 4 5 |  5.3
Short Blades   | 4 5 6 7 9 |  9.3
Dodging        | 4 5 |  5.8
Armour         | 1 2 3 |  3.4
Shields        | 2 |  2.2
Throwing       | |  1.6

Action                   |  1- 3 |  4- 6 |  7- 9 || total
-------------------------+-------+-------+-------++-------
Melee: Rapier            |   127 |   214 |       ||   341
       Bite              |    14 |    24 |    29 ||    67
       Punch             |       |     4 |       ||     4
       Dagger            |       |    31 |   297 ||   328
  Use: Potion            |     4 |     3 |     5 ||    12
       Scroll            |       |     8 |     2 ||    10
 Stab: Invisible         |     2 |       |       ||     2
       Sleeping          |     1 |     6 |     1 ||     8
       Distracted        |       |     1 |       ||     1
Armor: Leather armour    |    29 |    66 |    28 ||   123
Dodge: Dodged            |   117 |   166 |    69 ||   352
Block: Buckler           |       |     6 |    30 ||    36

Table legend: (Time is in decaauts)
 A = Elapsed time spent in this place.
 B = Non-inter-level travel time spent in this place.
 C = Inter-level travel time spent in this place.
 D = Time resting spent in this place.
 E = Time spent auto-exploring this place.
 F = Levels seen in this place.
 G = Mean time per level.
                   A        B        C        D        E       F      G
               +--------+--------+--------+--------+--------+-----+--------+
         Total |   4703 |   4364 |    339 |      0 |   3297 |   8 |  587.9 |
       Dungeon |   4574 |   4295 |    279 |      0 |   3236 |   7 |  653.4 |
        Temple |    128 |     68 |     60 |      0 |     61 |   1 |  128.0 |
               +--------+--------+--------+--------+--------+-----+--------+

Top non-repeatable levels by time:
     D:3: 872 daAuts
     D:6: 821 daAuts
     D:2: 738 daAuts
     D:4: 726 daAuts
     D:1: 659 daAuts
     D:5: 633 daAuts
  Temple: 128 daAuts
     D:7: 123 daAuts
